 Dungeon Sprint DCSS version 0.22-a0-348-gd16d139 (webtiles) character file.

63319 emperorscorpion the Hawkeye (level 14, -12/129 HPs)
             Began as a Centaur Hunter on Apr 9, 2018.
             Was the Champion of Trog.
             Killed from afar by a merfolk aquamancer (40 damage)
             ... with a shard of ice
             ... in the Dungeon (Sprint IX: "|||||||||||||||||||||||||||||").
             The game lasted 00:31:52 (2372 turns).

emperorscorpion the Hawkeye (Centaur Hunter)        Turns: 2372, Time: 00:31:52

Health: -12/129    AC: 24    Str: 16    XL:     14   Next: 67%
Magic:  23/23      EV:  7    Int: 14    God:    Trog [******]
Gold:   1570       SH:  0    Dex: 10    Spells: 13/13 levels left

rFire    + . .     SeeInvis +   d - +9 glaive of the Realm of Zot {chop, Fragile +Rage +Inv rF-}
rCold    + . .     Gourm    .   (shield currently unavailable)
rNeg     + . .     Faith    .   s - +0 shadow dragon scales
rPois    .         Spirit   .   r - +1 helmet {Int+3}
rElec    .         Reflect  .   W - scarf {rC+ rF+}
rCorr    .         Harm     .   K - +0 pair of gloves
MR       +....     NoTele   +   x - +3 centaur barding "Adaff" {rN+ Dex-3 SInv}
Stlth    ++........             (no amulet)
HPRegen  0.31/turn              Y - ring of protection from fire
MPRegen  0.18/turn              v - +2 ring of evasion

@: very quick
A: large, hooves 3, deformed body, speed 2, tough skin 3
a: Berserk, Trog's Hand, Brothers in Arms, Renounce Religion, Evoke Berserk
Rage, Evoke Invisibility


You were in the Dungeon.
You worshipped Trog.
Trog was exalted by your worship.
You were not hungry.

You visited 1 branch You collected 1910 gold pieces.
You spent 340 gold pieces at shops.

Inventory:

Hand Weapons
 a - the +8 glaive of Awacrone {freeze, Str+3}
   (Trog gifted it to you in the Dungeon)

   It has been specially enchanted to freeze those struck by it, causing extra
   injury to most foes and up to half again as much damage against particularly
   susceptible opponents.
   It can also slow down cold-blooded creatures.
   It affects your strength (+3).
 b - the +4 quarterstaff "Deschak" {flame, MP+9 Stlth+}
   (You found it in the Dungeon)

   It has been specially enchanted to burn those struck by it, causing extra
   injury to most foes and up to half again as much damage against particularly
   susceptible opponents.
   It affects your magic capacity (+9).
   It makes you more stealthy.
 d - the +9 glaive of the Realm of Zot (weapon) {chop, Fragile +Rage +Inv rF-}
   (Trog gifted it to you in the Dungeon)

   It inflicts extra damage upon your enemies.
   It makes you vulnerable to fire.
   It lets you turn invisible.
   It lets you go berserk.
   It will be destroyed if unequipped.
 J - a +2 antimagic glaive
 M - a +4 antimagic glaive
 Q - a +5 glaive of chopping
 X - a +4 antimagic bardiche
Missiles
 c - 15 needles of confusion
 w - 6 needles of frenzy
 E - 11 javelins of returning (quivered)
 F - 6 needles of sleeping
 G - 3 needles of paralysis
 N - 9 poisoned javelins
 O - 17 javelins of penetration
 S - 5 silver javelins
 U - 2 throwing nets {!q}
Armour
 r - a +1 helmet of intelligence (worn)
 s - +0 shadow dragon scales (worn)
 x - the +3 centaur barding "Adaff" (worn) {rN+ Dex-3 SInv}
   (You found it in the Dungeon)

   It affects your dexterity (-3).
   It protects you from negative energy.
   It lets you see invisible.
 y - +0 swamp dragon scales
 K - a +0 pair of gloves (worn)
 L - a +0 cloak
 P - a +1 troll leather armour {Snorg}
 R - a +2 chain mail of fire resistance
 W - a scarf of resistance (worn)
Magical Staves
 o - an uncursed staff of energy
Jewellery
 p - an uncursed ring of see invisible
 q - an uncursed ring of protection from fire
 u - a +3 ring of strength
 v - a +2 ring of evasion (right hand)
 Y - a ring of protection from fire (left hand)
Wands
 n - a wand of acid (1)
Scrolls
 k - 4 scrolls of blinking
 l - a scroll of identify
 m - 5 scrolls of remove curse
 C - 2 scrolls of enchant weapon
 D - 3 scrolls of fog
 V - a scroll of enchant armour
Potions
 e - 6 potions of curing
 g - 3 potions of heal wounds
 h - 2 potions of haste
 i - 4 potions of magic
 j - a potion of invisibility
 z - a potion of berserk rage
 A - a potion of brilliance
 B - 2 potions of mutation
 I - 2 potions of resistance
 Z - 2 potions of lignification {unknown}
Comestibles
 f - 9 rations


   Skills:
 + Level 13.5 Fighting
   Level 1.8 Short Blades
 - Level 20.0 Polearms
 + Level 25.8 Throwing
 + Level 8.5 Armour
 + Level 7.2 Dodging
 + Level 1.4 Stealth
 * Level 13.2 Evocations


You had 13 spell levels left.
You didn't know any spells.

Dungeon Overview and Level Annotations

Branches:
Dungeon (1/1)

Altars:
Cheibriados
Dithmenos
Elyvilon
Fedhas
Gozag
Hepliaklqana
Kikubaaqudgha
Makhleb
Nemelex Xobeh
Okawaru
Qazlal
Ru
Sif Muna
Trog
Uskayaw
Vehumet
Wu Jian
Xom
Yredelemnul
Zin
The Shining One
Beogh
Jiyva
Lugonu

Shops:
D [*?(


Innate Abilities, Weirdness & Mutations

You have hooves in place of feet.
Armour fits poorly on your strangely shaped body.
You cover ground very quickly.
You have extremely tough skin. (AC +3)


Message History

Aim: a vault guard, wielding a glaive of flaming and wearing a plate armour (almost dead)
You reach to attack!
You slash the vault guard!
The vault guard is almost dead.
Attack whom?
Press: ? - help, Dir - move target cursor, f/p - vault guard
Aim: a vault guard, wielding a glaive of flaming and wearing a plate armour (almost dead)
You reach to attack!
You slash the vault guard!
You kill the vault guard!
Trog accepts your kill.
The ironbrand convoker points at the merfolk aquamancer and mumbles some strange words.
The merfolk aquamancer seems to grow stronger.
Throwing (i - inventory. (/) - cycle)
t - a javelin (quivered)
Press: ? - help, Shift-Dir - straight line, f - merfolk aquamancer
Aim: a merfolk aquamancer, wielding a rapier and wearing a robe (unusually strong)
You throw a javelin.
The javelin closely misses the merfolk aquamancer.
The javelin barely misses the ironbrand convoker.
The merfolk aquamancer gestures at you while chanting.
The shard of ice hits you! You partially resist.
You die...

.▓.▓.▓.▓.▓.▓.▓.▓p▓
.▓.▓.▓.▓.▓.▓.▓.▓(▓
.▓.▓.▓'▓.▓'▓.▓.▓(▓
.▓.▓.▓.▓.▓.▓.▓.▓)▓
.▓[▓.▓.▓.▓.▓.▓.▓m▓
.▓.▓.▓.▓.▓.▓.▓.▓.▓
.▓.▓.▓.▓.▓.▓.▓.▓.▓
.▓'▓.▓.▓.▓.▓.▓C▓.▓
.▓.▓.▓.▓.▓.▓.▓.▓@▓
.▓.▓.▓.▓.▓.▓.▓.▓.▓
.▓.▓.▓.▓.▓.▓.▓.▓.▓
.▓...▓...▓...▓...▓
▓▓▓▓▓▓▓▓▓▓▓▓▓▓▓▓▓▓


You could see a merfolk aquamancer.

Vanquished Creatures
  A sphinx (D)
  A shadow dragon (D)
  Gastronok (D)
  Kirke (D)
  Donald (D)
  A tengu reaver (D)
  A fire giant (D)
  An iron dragon (D)
  A frost giant (D)
  2 ghost moths (D)
  A very ugly thing (D)
  A vampire knight (D)
  A stone giant (D)
  Azrael (D)
  Snorg (D)
  Josephine (D)
  A fire dragon (D)
  2 ice dragons (D)
  A naga warrior (D)
  A ghost crab (D)
  3 vault guards (D)
  A rakshasa (D)
  A hydra (D)
  An anaconda (D)
  7 ogre magi (D)
  A centaur warrior (D)
  2 two-headed ogres (D)
  A deep troll earth mage (D)
  A satyr (D)
  2 deep troll shamans (D)
  An orc high priest (D)
  A shock serpent (D)
  3 tengu warriors (D)
  A naga sharpshooter (D)
  A spriggan berserker (D)
  Nergalle (D)
  A sea snake (D)
  A hell knight (D)
  A wizard (D)
  A spriggan druid (D)
  An unseen horror (D)
  2 swamp dragons (D)
  An orc knight (D)
  2 orb spiders (D)
  2 necromancers (D)
  2 ugly things (D)
  2 mana vipers (D)
  2 manticores (D)
  Maurice (D)
  A guardian serpent (D)
  A naga mage (D)
  2 spiny frogs (D)
  A black mamba (D)
  2 komodo dragons (D)
  2 yaktaurs (D)
  An efreet (D)
  A guardian mummy (D)
  2 merfolk (D)
  A troll (D)
  A hornet (D)
  A hippogriff (D)
  A slime creature (D)
  2 wind drakes (D)
  2 redbacks (D)
  A water elemental (D)
  A tarantella (D)
  2 yaks (D)
  3 wraiths (D)
  3 hogs (D)
  4 fire elementals (D)
  A hog (shapeshifter) (D)
  2 wargs (D)
  A soldier ant (D)
  3 hell hounds (D)
  A water moccasin (D)
  13 orc warriors (D)
  3 porcupines (D)
  A swamp drake (D)
  A phantom (D)
  An ice beast (D)
  7 ogres (D)
  7 wolves (D)
  2 crocodiles (D)
  A big kobold (D)
  6 bullfrogs (D)
  A crimson imp (D)
  A jelly (D)
  3 orc priests (D)
  2 orc wizards (D)
  A worker ant (D)
  An adder skeleton (D)
  A worm (D)
  2 leopard geckos (D)
  7 orcs (D)
  A bat skeleton (D)
  A kobold (D)
  A ball python skeleton (D)
  A goblin (D)
  A rat (D)
178 creatures vanquished.

Vanquished Creatures (collateral kills)
  A death cob (D)
  An emperor scorpion (D)
  An entropy weaver (D)
  A jumping spider (D)
4 creatures vanquished.

Vanquished Creatures (others)
  An alligator (D)
  A hornet (D)
  A spriggan (D)
  A swamp drake (D)
4 creatures vanquished.

Grand Total: 186 creatures vanquished

Notes
Turn   | Place    | Note
-------+----------+-------------------------------------------
     0 | D        | emperorscorpion the Centaur Hunter began the quest for the Orb.
     0 | D        | Reached XP level 1. HP: 17/17 MP: 1/1
     4 | D        | Reached skill level 5 in Throwing
   105 | D        | Noticed a phantom
   105 | D        | Noticed a worker ant
   105 | D        | Noticed a jelly
   112 | D        | Killed a phantom
   112 | D        | Reached skill level 1 in Short Blades
   112 | D        | Reached skill level 9 in Throwing
   112 | D        | Reached skill level 1 in Armour
   112 | D        | Reached XP level 2. HP: 26/26 MP: 2/2
   112 | D        | Reached XP level 3. HP: 31/31 MP: 3/3
   112 | D        | Reached XP level 4. HP: 38/38 MP: 4/4
   117 | D        | Reached skill level 10 in Throwing
   117 | D        | Reached XP level 5. HP: 41/46 MP: 5/5
   163 | D        | Found a roughly hewn altar of Beogh.
   163 | D        | Found a snail-covered altar of Cheibriados.
   163 | D        | Found a shadowy altar of Dithmenos.
   163 | D        | Found a white marble altar of Elyvilon.
   163 | D        | Found a blossoming altar of Fedhas.
   163 | D        | Found an opulent altar of Gozag.
   164 | D        | Found a hazy altar of Hepliaklqana.
   165 | D        | Found a viscous altar of Jiyva.
   166 | D        | Found an ancient bone altar of Kikubaaqudgha.
   167 | D        | Found a corrupted altar of Lugonu.
   168 | D        | Found a burning altar of Makhleb.
   169 | D        | Found a sparkling altar of Nemelex Xobeh.
   170 | D        | Found an iron altar of Okawaru.
   171 | D        | Found a stormy altar of Qazlal.
   172 | D        | Found a sacrificial altar of Ru.
   173 | D        | Found a deep blue altar of Sif Muna.
   174 | D        | Found a bloodstained altar of Trog.
   175 | D        | Found a hide-covered altar of Uskayaw.
   176 | D        | Found a radiant altar of Vehumet.
   177 | D        | Found an ornate altar of the Wu Jian Council.
   178 | D        | Found a shimmering altar of Xom.
   179 | D        | Found a basalt altar of Yredelemnul.
   180 | D        | Found a glowing silver altar of Zin.
   181 | D        | Found a glowing golden altar of the Shining One.
   182 | D        | Became a worshipper of Trog the Wrathful
   200 | D        | Got the +4 quarterstaff "Deschak" {flame, MP+9 Stlth+}
   219 | D        | Noticed an ogre
   219 | D        | Noticed a yak
   246 | D        | Killed an ogre
   246 | D        | Reached skill level 11 in Throwing
   255 | D        | Reached XP level 6. HP: 33/53 MP: 6/6
   257 | D        | Killed a yak
   257 | D        | Reached * piety under Trog
   257 | D        | Reached skill level 5 in Fighting
   257 | D        | Reached skill level 12 in Throwing
   258 | D        | Reached skill level 5 in Polearms
   258 | D        | Reached XP level 7. HP: 21/61 MP: 7/7
   263 | D        | Killed an unseen horror
   263 | D        | Reached ** piety under Trog
   263 | D        | Reached skill level 13 in Throwing
   263 | D        | Reached skill level 1 in Evocations
   263 | D        | Reached XP level 8. HP: 27/70 MP: 7/9
   296 | D        | Noticed an efreet
   303 | D        | Killed an efreet
   303 | D        | Reached skill level 14 in Throwing
   379 | D        | Reached *** piety under Trog
   379 | D        | Received a gift from Trog
   534 | D        | Got the +9 morningstar of Recklessness {crush, +Rage Dex+2}
   546 | D        | Noticed a komodo dragon
   546 | D        | Noticed an eight-headed hydra
   559 | D        | Killed a komodo dragon
   563 | D        | Killed an eight-headed hydra
   563 | D        | Reached XP level 9. HP: 72/79 MP: 9/11
   585 | D        | Reached **** piety under Trog
   585 | D        | Reached skill level 5 in Dodging
   607 | D        | Received a gift from Trog
   645 | D        | Noticed a spiny frog
   645 | D        | Noticed a komodo dragon
   669 | D        | Killed a spiny frog
   669 | D        | Received a gift from Trog
   674 | D        | Killed a komodo dragon
   682 | D        | Reached ***** piety under Trog
   682 | D        | Reached XP level 10. HP: 58/88 MP: 12/12
   684 | D        | Received a gift from Trog
   717 | D        | Received a gift from Trog
   753 | D        | Received a gift from Trog
   869 | D        | Noticed Gastronok
   891 | D        | Killed Gastronok
   891 | D        | Received a gift from Trog
   891 | D        | Received a gift from Trog
   891 | D        | Reached skill level 15 in Polearms
   962 | D        | Received a gift from Trog
   963 | D        | Got a faintly glowing glaive {god gift}
   964 | D        | Identified the +8 glaive of Awacrone {freeze, Str+3} (Trog gifted it to you in the Dungeon)
   980 | D        | Reached ****** piety under Trog
   981 | D        | Received a gift from Trog
   993 | D        | Noticed an orc knight
   998 | D        | Noticed an orc high priest
  1030 | D        | Killed an orc knight
  1032 | D        | Reached XP level 11. HP: 67/97 MP: 13/13
  1039 | D        | Noticed a soul eater
  1042 | D        | Killed an orc high priest
  1071 | D        | Received a gift from Trog
  1087 | D        | Reached skill level 15 in Throwing
  1108 | D        | Found Naixtun's Armour Emporium.
  1108 | D        | Noticed an ogre mage
  1108 | D        | Noticed an ogre mage
  1108 | D        | Noticed an ogre mage
  1108 | D        | Noticed a two-headed ogre
  1113 | D        | Killed an ogre mage
  1113 | D        | Received a gift from Trog
  1113 | D        | Reached skill level 5 in Armour
  1116 | D        | Killed an ogre mage
  1116 | D        | Reached skill level 10 in Fighting
  1121 | D        | Killed a two-headed ogre
  1125 | D        | Killed an ogre mage
  1125 | D        | Received a gift from Trog
  1126 | D        | Received a gift from Trog
  1133 | D        | Found Vaaquzof's Assorted Antiques.
  1137 | D        | Found Qutuuna's Magic Scroll Emporium.
  1143 | D        | Noticed an ogre mage
  1146 | D        | Noticed an ogre mage
  1148 | D        | Killed an ogre mage
  1155 | D        | Found Seaniz's Weapon Shoppe.
  1164 | D        | Killed an ogre mage
  1164 | D        | Received a gift from Trog
  1165 | D        | Noticed a two-headed ogre
  1168 | D        | Noticed an ogre mage
  1168 | D        | Killed a two-headed ogre
  1168 | D        | Received a gift from Trog
  1172 | D        | Killed an ogre mage
  1173 | D        | Got an iridescent glaive {god gift}
  1174 | D        | Identified the +9 glaive of the Realm of Zot {chop, Fragile +Rage +Inv rF-} (Trog gifted it to you in the Dungeon)
  1181 | D        | Bought a scroll labeled VESSIX MI GYH for 16 gold pieces
  1192 | D        | Bought a scroll of blinking for 82 gold pieces
  1192 | D        | Bought a scroll of enchant armour for 82 gold pieces
  1194 | D        | Bought a scroll of identify for 32 gold pieces
  1194 | D        | Bought an embroidered scarf for 128 gold pieces
  1269 | D        | Noticed Josephine
  1277 | D        | Reached skill level 16 in Throwing
  1282 | D        | Killed Josephine
  1282 | D        | Reached XP level 12. HP: 39/110 MP: 15/15
  1287 | D        | Received a gift from Trog
  1318 | D        | Found the +6 shillelagh "Devastator" {shatter}
  1389 | D        | Got the +3 centaur barding "Adaff" {rN+ Dex-3 SInv}
  1417 | D        | Noticed a tengu warrior
  1426 | D        | Killed a tengu warrior
  1437 | D        | Reached skill level 5 in Evocations
  1444 | D        | Noticed a rakshasa
  1445 | D        | Received a gift from Trog
  1449 | D        | Killed a rakshasa
  1460 | D        | Noticed a centaur warrior
  1469 | D        | Killed a centaur warrior
  1471 | D        | Noticed a frost giant
  1481 | D        | Killed a frost giant
  1481 | D        | Received a gift from Trog
  1481 | D        | Reached skill level 17 in Throwing
  1484 | D        | Noticed an ice dragon
  1506 | D        | Killed an ice dragon
  1512 | D        | Noticed a vampire knight
  1517 | D        | Killed a vampire knight
  1517 | D        | Received a gift from Trog
  1612 | D        | Noticed Kirke
  1686 | D        | Killed Kirke
  1686 | D        | Received a gift from Trog
  1751 | D        | Noticed Maurice
  1755 | D        | Killed Maurice
  1755 | D        | Received a gift from Trog
  1793 | D        | Received a gift from Trog
  1793 | D        | Reached skill level 18 in Throwing
  1796 | D        | Received a gift from Trog
  1800 | D        | Noticed a satyr
  1806 | D        | Reached XP level 13. HP: 106/117 MP: 17/19
  1813 | D        | Received a gift from Trog
  1837 | D        | Reached skill level 19 in Throwing
  1838 | D        | Received a gift from Trog
  1843 | D        | Received a gift from Trog
  1844 | D        | Reached skill level 20 in Throwing
  1863 | D        | Received a gift from Trog
  1867 | D        | Noticed a ghost moth
  1869 | D        | Received a gift from Trog
  1875 | D        | Killed a ghost moth
  1877 | D        | Reached skill level 21 in Throwing
  1898 | D        | Noticed a ghost moth
  1898 | D        | Noticed an entropy weaver
  1901 | D        | Killed a ghost moth
  1901 | D        | Reached skill level 10 in Evocations
  1905 | D        | Received a gift from Trog
  1913 | D        | Killed an entropy weaver
  1921 | D        | Noticed an emperor scorpion
  1931 | D        | Killed an emperor scorpion
  1931 | D        | Reached skill level 22 in Throwing
  1966 | D        | Noticed Nergalle
  1968 | D        | Noticed Donald
  1971 | D        | Killed Nergalle
  1971 | D        | Received a gift from Trog
  1974 | D        | Killed Donald
  1974 | D        | Received a gift from Trog
  1980 | D        | Noticed Azrael
  1983 | D        | Received a gift from Trog
  1984 | D        | Killed Azrael
  2010 | D        | Noticed Snorg
  2019 | D        | Killed Snorg
  2106 | D        | Noticed a red very ugly thing
  2107 | D        | Noticed a shadow dragon
  2108 | D        | Reached skill level 23 in Throwing
  2110 | D        | Noticed a tengu reaver
  2110 | D        | Received a gift from Trog
  2110 | D        | Reached XP level 14. HP: 112/127 MP: 22/22
  2115 | D        | Killed a red very ugly thing
  2118 | D        | Killed a tengu reaver
  2119 | D        | Killed a shadow dragon
  2119 | D        | Received a gift from Trog
  2121 | D        | Reached skill level 24 in Throwing
  2127 | D        | Noticed an iron dragon
  2138 | D        | Noticed a stone giant
  2149 | D        | Killed an iron dragon
  2149 | D        | Killed a stone giant
  2149 | D        | Received a gift from Trog
  2176 | D        | Noticed a fire giant
  2177 | D        | Received a gift from Trog
  2181 | D        | Killed a fire giant
  2181 | D        | Reached skill level 25 in Throwing
  2196 | D        | Noticed an ironheart preserver
  2258 | D        | Noticed a deep elf blademaster
  2271 | D        | Received a gift from Trog
  2271 | D        | Reached skill level 1 in Stealth
  2280 | D        | Noticed a sphinx
  2297 | D        | Received a gift from Trog
  2305 | D        | HP: 2/129 [death cob (16)]
  2306 | D        | Noticed a death cob
  2313 | D        | Killed a death cob
  2313 | D        | Received a gift from Trog
  2316 | D        | Killed a sphinx
  2316 | D        | Received a gift from Trog
  2372 | D        | Killed from afar by a merfolk aquamancer

Vault maps used:
D:        linesprint

Skill      XL: |  1  2  3  4  5  6  7  8  9 10 11 12 13 14 |
---------------+-------------------------------------------+-----
Throwing       | 9 10 11 12 13 14 16 18 23 25 | 25.8
Fighting       | 3 4 5 6 7 8 9 11 12 13 | 13.5
Short Blades   | 1 |  1.8
Armour         | 1 2 3 4 5 6 7 8 |  8.5
Dodging        | 2 3 4 5 6 7 |  7.2
Polearms       | 3 5 7 11 12 15 18 20 | 20.0
Evocations     | 1 3 4 8 11 13 | 13.2
Stealth        | 1 |  1.4

Action                   |  1- 3 |  4- 6 |  7- 9 | 10-12 | 13-15 || total
-------------------------+-------+-------+-------+-------+-------++-------
Melee: Short sword       |    16 |    12 |       |       |       ||    28
       Kick              |     4 |     5 |    11 |    31 |    11 ||    62
       Halberd           |       |    12 |    59 |    52 |       ||   123
       Glaive            |       |       |       |   123 |    83 ||   206
Throw: Javelin           |       |     1 |    12 |   116 |   113 ||   242
       Throwing net      |       |       |     1 |     2 |       ||     3
       Tomahawk          |       |       |       |     8 |     8 ||    16
Invok: Trog's Hand       |       |       |     6 |     7 |     7 ||    20
       Berserk           |       |       |     2 |     1 |       ||     3
       Brothers in Arms  |       |       |       |       |     4 ||     4
Evoke: Wand              |       |     3 |     6 |       |       ||     9
  Use: Potion            |     1 |       |     1 |       |     2 ||     4
       Scroll            |       |       |       |     2 |     1 ||     3
 Stab: Sleeping          |       |       |       |       |     1 ||     1
  Eat: Chunk             |       |       |     3 |     4 |     4 ||    11
       Ration            |       |       |       |     1 |     1 ||     2
Armor: Leather armour    |       |     3 |    27 |    14 |       ||    44
       Chain mail        |       |       |       |    19 |       ||    19
       Shadow dragon sca |       |       |       |    21 |    78 ||    99
Dodge: Dodged            |     4 |     8 |    37 |    35 |    19 ||   103

Table legend:
 A = Spawn XP
 B = Non-spawn XP
 C = Spawn XP percentage of total XP
 D = Spawn monster count
 E = Non-spawn monster count
 F = Spawn count percentage of total count
 G = Total turns spent on level
                    A         B        C        D         E        F      G
               +---------+---------+-------+---------+---------+-------+---------
         Total |       0 |   90457 |   0.0 |       0 |     186 |   0.0 |  2372
               +---------+---------+-------+---------+---------+-------+---------
             D |       0 |   90457 |   0.0 |       0 |     186 |   0.0 |  2372
               +---------+---------+-------+---------+---------+-------+---------
